 Dungeon Crawl Stone Soup version 0.30-a0-341-g682706514a (webtiles) character file.

Game seed: 8232044285896952942

43 IdlyInterested the Cudgeller (level 3, -1/28 HPs)
             Began as a Demonspawn Gladiator on Nov 2, 2022.
             Slain by Sigmund
             ... wielding a +0 scythe
              (6 damage)
             ... on level 2 of the Dungeon.
             The game lasted 00:02:38 (909 turns).

IdlyInterested the Cudgeller (Demonspawn Gladiator)  Turns: 909, Time: 00:02:39

Health: -1/28      AC:  8    Str: 16    XL:     3   Next: 37%
Magic:  3/3        EV: 10    Int:  9    God:
Gold:   22         SH:  0    Dex: 14    Spells: 2/2 levels left

rFire   . . .      SeeInvis .    a - +0 flail
rCold   . . .      Faith    .    (no shield)
rNeg    . . .      Spirit   .    f - +0 scale mail
rPois   .          Reflect  .    c - +0 helmet
rElec   .          Harm     .    n - +0 cloak
rCorr   .          Rampage  .    (no gloves)
Will    .....                    (no boots)
Stlth   ..........               (no amulet)
HPRegen 0.24/turn                (no ring)
MPRegen 0.08/turn                (no ring)

@: no status effects
A: powered by death 1
a: no special abilities


You were on level 2 of the Dungeon.
You visited 1 branch of the dungeon, and saw 2 of its levels.

You collected 22 gold pieces.

Inventory:

Hand Weapons
 a - a +0 flail (weapon)
Missiles
 d - 2 throwing nets (quivered)
 e - a javelin
 j - 6 poisoned darts
Armour
 b - a +0 leather armour
 c - a +0 helmet (worn)
 f - a +0 scale mail (worn)
 m - a +0 ring mail
 n - a +0 cloak (worn)
Scrolls
 g - a scroll of fear {unknown}
 k - a scroll of fog {unknown}
 l - a scroll of poison {unknown}
 p - a scroll of identify {unknown}
Potions
 h - 2 potions of flight {unknown}
 i - a potion of curing {unknown}
 o - a potion of invisibility {unknown}


   Skills:
 * Level 2.5 Fighting
 + Level 3.4 Maces & Flails
 - Level 2.0 Throwing
 * Level 0.9 Armour
 - Level 2.6 Dodging


You had 2 spell levels left.
You didn't know any spells.
Your spell library was empty.

Dungeon Overview and Level Annotations

Branches:
Dungeon (2/15)

Altars:

Annotations:
D:2 Sigmund


Innate Abilities, Weirdness & Mutations

You regenerate a little health from kills.


Message History

You kill the kobold!
A kobold comes into view. It is wielding a +0 short sword.
Found 10 gold pieces.
The goblin shoots a sling bullet.
The sling bullet barely misses you.
The goblin shoots a sling bullet.
The sling bullet hits you but does no damage.
The goblin unwields a +0 sling.
The goblin wields a +0 club.
The goblin hits you but does no damage. Sigmund closely misses you.
You hit the goblin but do no damage. The goblin completely misses you.
You barely miss the goblin. The goblin hits you but does no damage.
Sigmund hits you from afar with a +0 scythe!
The goblin hits you but does no damage.
You hit the goblin.
You kill the goblin!
Sigmund points at you and mumbles some strange words.
You are confused.
You bump into the rock wall.
Sigmund hits you from afar with a +0 scythe.
Sigmund casts a spell at you. You resist with significant effort.
You bump into the rock wall.
Sigmund closely misses you.
You're too confused to move!
You bump into the rock wall.
You feel less confused. Sigmund closely misses you.
You barely miss Sigmund. Sigmund hits you with a +0 scythe.
Okay, then.
Throw: 3 throwing nets
Press: ? - help, Q - select action, (/) - cycle Shift-Dir - straight line, f - Sigmund
Aim: Sigmund, wielding a +0 scythe and wearing a +2 robe of cold resistance (57% to hit)
You throw a throwing net.
The throwing net closely misses Sigmund.
The throwing net hits the kobold.
The kobold is caught in the net!
Sigmund laughs darkly.
Sigmund hits you with a +0 scythe!
* * * LOW HITPOINT WARNING * * *
The kobold struggles against the net.
You closely miss Sigmund.
The kobold struggles against the net.
You barely miss Sigmund. Sigmund hits you with a +0 scythe.
You die...

#..# #..###
....$# ##....#
#..... #..K.
#.#@# ##.#@#
..#.# #
#.#.#.##..[
#.##.#.)>.....
#.
#....<...##.#.
#. ####.#####
#. #. ##.## #.
#...# #.


You could see Sigmund and a kobold (caught).

Vanquished Creatures
  A dart slug (D:1)
  3 endoplasms
  5 goblins
  4 hobgoblins
  3 kobolds
  3 quokkas (D:1)
  6 ball pythons (D:1)
  7 bats
  A frilled lizard (D:1)
  4 rats (D:1)
37 creatures vanquished.

Notes
Turn   | Place    | Note
-------+----------+-------------------------------------------
     0 | D:1      | IdlyInterested the Demonspawn Gladiator began the quest for
                  | the Orb.
     0 | D:1      | Reached XP level 1. HP: 16/16 MP: 1/1
   120 | D:1      | Reached skill level 3 in Maces & Flails
   136 | D:1      | Gained mutation: You regenerate a little health from kills.
                  | [demonic ancestry]
   136 | D:1      | Reached XP level 2. HP: 22/22 MP: 2/2
   490 | D:1      | Reached XP level 3. HP: 28/28 MP: 3/3
   892 | D:2      | Noticed Sigmund
   909 | D:2      | Slain by Sigmund

Illustrated notes

Levels and vault maps discovered:
D:1:      lemuel_arrival_tunnels, layout_loops_ring, minmay_pentomino_u4
D:2:      layout_loops_ring, uniq_sigmund

Skill      XL: |  1 |
---------------+----+-----
Maces & Flails | 3 |  3.4
Throwing       | 2 |  2.0
Fighting       | |  2.5
Armour         | |  0.9
Dodging        | |  2.6

Action                   || total
-------------------------++-------
Melee: Flail             ||   100
Throw: Throwing net      ||     1
Armor: Scale mail        ||    56
       Leather armour    ||     1
Dodge: Dodged            ||    62

Table legend: (Time is in decaauts)
 A = Elapsed time spent in this place.
 B = Non-inter-level travel time spent in this place.
 C = Inter-level travel time spent in this place.
 D = Time resting spent in this place.
 E = Time spent auto-exploring this place.
 F = Levels seen in this place.
 G = Mean time per level.
                   A        B        C        D        E       F      G
               +--------+--------+--------+--------+--------+-----+--------+
         Total |    933 |    861 |     72 |     17 |    526 |   2 |  466.5 |
       Dungeon |    933 |    861 |     72 |     17 |    526 |   2 |  466.5 |
               +--------+--------+--------+--------+--------+-----+--------+

Top non-repeatable levels by time:
     D:1: 884 daAuts
     D:2: 49 daAuts
